 Dungeon Crawl Stone Soup version 0.31-a0-344-gd109795599 (webtiles) character file.

Game seed: 5267661244333941616

599 olmar the Changeling (level 7, -10/84 HPs)
             Began as a Gnoll Shapeshifter on July 19, 2023.
             Was an Initiate of Gozag.
             Mangled by Pikel
             ... wielding a +2 whip of electrocution
              (13 damage)
             ... on level 5 of the Dungeon on July 21, 2023.
             The game lasted 00:05:47 (3997 turns).

olmar the Changeling (Gnoll Shapeshifter)           Turns: 3997, Time: 00:05:47

Health: -10/84     AC: 23    Str: 14    XL:     7   Next: 41%
Magic:  10/10      EV:  2    Int:  9    God:    Gozag
Gold:   372        SH:  0    Dex: 13    Spells: 11/11 levels left

rFire   . .          .
                       - Unarmed
rCold   . . .        (no shield)
rNeg    . . .        o - melded +0 troll leather armour
rPois   +            (helmet currently unavailable)
rElec   .            (cloak currently unavailable)
rCorr   .            (gloves currently unavailable)
SInv    +            (boots currently unavailable)
Will    +....        (no amulet)
Stlth   ++           h - ring of see invisible
HPRegen 0.34/turn    (no ring)
MPRegen 0.12/turn

%: no passive effects
@: tree-form, enlightened, studying Armour
A: stationary, stasis, torment immunity, boosted hp, (fangs 1), strong nose,
distributed training
a: Renounce Religion, Potion Petition, Call Merchant, Bribe Branch


You were on level 5 of the Dungeon.
You worshipped Gozag.
Gozag was aware of your devotion.
You were a tree.
You visited 1 branch of the dungeon, and saw 5 of its levels.

You collected 438 gold pieces.
You paid 66 gold pieces to Gozag.

Inventory:

Armour
 a - a +0 animal skin
 g - a +0 cloak
 o - a +0 troll leather armour (melded)
Magical Staves
 s - a staff of cold
Jewellery
 h - a ring of see invisible (left branch)
Talismans
 c - a beast talisman
Wands
 n - a wand of flame (2)
Scrolls
 i - a scroll of fear
 k - a scroll of enchant weapon {unknown}
 m - a scroll of acquirement
 p - a scroll of fog
 t - a scroll of vulnerability {unknown}
 v - 2 scrolls of immolation {unknown}
Potions
 b - a potion of ambrosia
 d - a potion of resistance {unknown}
 e - 2 potions of haste
 f - 2 potions of enlightenment
 j - a potion of attraction {unknown}
 q - a potion of magic {unknown}
 r - a potion of heal wounds {unknown}
 u - a potion of brilliance {unknown}
 w - a potion of curing {unknown}


   Skills:
 + Level 5.2 Fighting
 + Level 2.5 Short Blades
 + Level 2.5 Long Blades
 + Level 2.5 Axes
 + Level 2.5 Maces & Flails
 + Level 2.5 Polearms
 + Level 2.5 Staves
 + Level 2.5 Ranged Weapons
 + Level 2.5 Throwing
 + Level 3.4 Armour
 + Level 5.2 Dodging
 + Level 2.5 Stealth
 + Level 2.5 Shields
 + Level 5.2 Unarmed Combat
 + Level 2.5 Spellcasting
 + Level 2.0 Conjurations
 + Level 2.0 Hexes
 + Level 2.0 Summonings
 + Level 2.0 Necromancy
 + Level 2.0 Translocations
 + Level 2.0 Transmutations
 + Level 2.0 Fire Magic
 + Level 2.0 Ice Magic
 + Level 2.0 Air Magic
 + Level 2.0 Earth Magic
 + Level 2.0 Poison Magic
 + Level 2.8 Invocations
 + Level 2.5 Evocations
 + Level 6.9 Shapeshifting


You had 11 spell levels left.
You didn't know any spells.
Your spell library contained the following spells:

 Spells                   Type           Power      Damage    Failure   Level
 Anguish                  Hex/Necr       2%         N/A       80%         4
 Cause Fear               Hex            2%         N/A       80%         4
 Enfeeble                 Hex            2%         N/A       100%        7


Dungeon Overview and Level Annotations

Branches:
Dungeon (5/15)             Temple (0/1) D:4

Altars:
Fedhas
Gozag
Makhleb
Vehumet
Wu Jian

Annotations:
D:5 Pikel


Innate Abilities, Weirdness & Mutations

You are a tree.
Your roots penetrate the ground, keeping you stationary.
You cannot be teleported.
You are immune to unholy pain and torment.
Your maximum health is greatly increased.
Your equipment is partially melded.
((You have very sharp teeth.))
Your uncanny sense of smell can sniff out nearby items.
Your experience applies equally to all skills.


Message History

Pikel hits you with a +2 whip of electrocution.
The lemure closely misses you.
You hit Pikel. You bite Pikel, but do no damage.
Pikel is heavily wounded.
Pikel closely misses you. The lemure hits you but does no damage.
You hit Pikel.
Pikel is heavily wounded.
Pikel hits you with a +2 whip of electrocution!
You are electrocuted!
The lemure barely misses you.
You are too injured to fight recklessly!
Unknown command.
Pikel attacks as you move away! Pikel hits you but does no damage.
Really quaff the potion of lignification?
Your transformation has ended.
You turn into a tree.
Your +0 troll leather armour melds into your body.
Your roots penetrate the ground.
Pikel zaps a wand.
The puff of flame hits you but does no damage.
Unknown command.
You smack Pikel!
Pikel is almost dead.
Pikel hits you but does no damage.
You closely miss Pikel.
Pikel is severely wounded.
Pikel hits you with a +2 whip of electrocution.
You barely miss Pikel.
Pikel is severely wounded.
Pikel hits you but does no damage.
You are electrocuted!!
* * * LOW HITPOINT WARNING * * *
You hit Pikel but do no damage.
Pikel is severely wounded.
Pikel hits you but does no damage.
You are electrocuted!
* * * LOW HITPOINT WARNING * * *
You barely miss Pikel.
Pikel is severely wounded.
Pikel hits you but does no damage.
It was a potion of enlightenment.
Your roots keep you in place.
Pikel hits you but does no damage.
You are electrocuted!
You die...
Your body crumbles into a pile of gold.

.......##. #...#
........... ..
#...#
..#.##.##.....
#...# ....##># ..
.# ####.####
.......# . ..
#.......# ##..####
#. #.##.#..#
#...###.## #.
#.##.#..#
#.........
#.###.##.#..#
#...###.##
#5K♣..$..#..#
##.###
.....55###.......#
...### #.###..
#......## .....#
#.. .....###
####.# #.. ###.##
####.# .#. .#
..##.# ###. .#
#.##.# ## #.##.#


You could see Pikel and 3 lemures.

Vanquished Creatures
  An ice beast (D:5)
  An ogre (D:4)
  A bullfrog (D:5)
  2 scorpions (D:5)
  2 hounds (D:5)
  An iguana (D:5)
  7 adders
  A shadow imp (D:5)
  A white imp (D:5)
  2 worms (D:2)
  3 dart slugs (D:3)
  4 orcs
  5 endoplasms
  2 giant cockroaches
  A goblin (D:4)
  6 hobgoblins
  4 jackals (D:3)
  8 kobolds
  A quokka (D:4)
  12 ball pythons
  5 bats
  5 frilled lizards
  11 rats
86 creatures vanquished.

Notes
Turn   | Place    | Note
-------+----------+-------------------------------------------
     0 | D:1      | olmar the Gnoll Shapeshifter began the quest for the Orb.
     0 | D:1      | Reached XP level 1. HP: 20/20 MP: 1/1
     0 | D:1      | Upgraded the game from 0.31-a0-331-geda263fcf1 to
                  | 0.31-a0-339-gda1cbd555d
   247 | D:1      | Reached XP level 2. HP: 26/26 MP: 2/2
   876 | D:2      | Reached XP level 3. HP: 18/31 MP: 2/4
  1164 | D:2      | Reached skill level 1 in Invocations
  1220 | D:2      | Found a radiant altar of Vehumet.
  1670 | D:2      | Reached skill level 1 in Short Blades
  1670 | D:2      | Reached skill level 1 in Long Blades
  1670 | D:2      | Reached skill level 1 in Axes
  1670 | D:2      | Reached skill level 1 in Maces & Flails
  1670 | D:2      | Reached skill level 1 in Polearms
  1670 | D:2      | Reached skill level 1 in Staves
  1670 | D:2      | Reached skill level 1 in Ranged Weapons
  1670 | D:2      | Reached skill level 1 in Throwing
  1670 | D:2      | Reached skill level 1 in Armour
  1670 | D:2      | Reached skill level 1 in Stealth
  1670 | D:2      | Reached skill level 1 in Shields
  1670 | D:2      | Reached skill level 1 in Spellcasting
  1670 | D:2      | Reached skill level 1 in Evocations
  1703 | D:2      | Found a faded altar of an unknown god.
  2020 | D:3      | Reached XP level 4. HP: 34/38 MP: 5/5
  2457 | D:3      | Identified 2 scrolls of acquirement
  2457 | D:3      | Acquired a manual of Armour
  2690 | D:4      | Noticed an ogre
  2702 | D:4      | Killed an ogre
  2703 | D:4      | Reached skill level 1 in Conjurations
  2703 | D:4      | Reached skill level 1 in Hexes
  2703 | D:4      | Reached skill level 1 in Summonings
  2703 | D:4      | Reached skill level 1 in Necromancy
  2703 | D:4      | Reached skill level 1 in Translocations
  2703 | D:4      | Reached skill level 1 in Transmutations
  2703 | D:4      | Reached skill level 1 in Fire Magic
  2703 | D:4      | Reached skill level 1 in Ice Magic
  2703 | D:4      | Reached skill level 1 in Air Magic
  2703 | D:4      | Reached skill level 1 in Earth Magic
  2703 | D:4      | Reached skill level 1 in Poison Magic
  2703 | D:4      | Reached XP level 5. HP: 23/43 MP: 5/7
  2757 | D:4      | Found a staircase to the Ecumenical Temple.
  2953 | D:4      | Found a blossoming altar of Fedhas.
  2953 | D:4      | Found a faded altar of an unknown god.
  2961 | D:4      | Found an opulent altar of Gozag.
  2963 | D:4      | Found a burning altar of Makhleb.
  2965 | D:4      | Found an ornate altar of the Wu Jian Council.
  3013 | D:4      | Became a worshipper of Gozag Ym Sagoz the Greedy
  3372 | D:5      | Entered Level 5 of the Dungeon
  3381 | D:5      | Reached XP level 6. HP: 49/50 MP: 8/8
  3395 | D:5      | Noticed an ice beast
  3416 | D:5      | Killed an ice beast
  3417 | D:5      | Reached skill level 5 in Fighting
  3417 | D:5      | Reached skill level 5 in Dodging
  3417 | D:5      | Reached skill level 5 in Unarmed Combat
  3441 | D:5      | Reached XP level 7. HP: 43/56 MP: 10/10
  3441 | D:5      | Upgraded the game from 0.31-a0-339-gda1cbd555d to
                  | 0.31-a0-344-gd109795599
  3983 | D:5      | Noticed Pikel
  3995 | D:5      | HP: 2/84 [Pikel/+2 whip of electrocution (13)]
  3997 | D:5      | Mangled by Pikel

Illustrated notes

Levels and vault maps discovered:
D:1:      lemuel_arrival_rhombus, layout_loops_ring, minmay_hedge_maze,
          nrook_uturn
D:2:      layout_basic, nicolae_ecumenical_pavilion, basic_altar,
          serial_bayou_pond_b
D:3:      layout_loops_ring, st_stairs_8
D:4:      layout_gridville, chequers_temple_overflow_minitemple,
          minmay_temple_entry_crystal_x
D:5:      layout_loops_cross, uniq_pikel

Skill      XL: |  1  2  3  4  5  6  7 |
---------------+----------------------+-----
Invocations    | 1 2 |  2.8
Short Blades   | 1 2 |  2.5
Long Blades    | 1 2 |  2.5
Axes           | 1 2 |  2.5
Maces & Flails | 1 2 |  2.5
Polearms       | 1 2 |  2.5
Staves         | 1 2 |  2.5
Ranged Weapons | 1 2 |  2.5
Throwing       | 1 2 |  2.5
Armour         | 1 2 3 |  3.4
Stealth        | 1 2 |  2.5
Shields        | 1 2 |  2.5
Spellcasting   | 1 2 |  2.5
Evocations     | 1 2 |  2.5
Conjurations   | 1 2 |  2.0
Hexes          | 1 2 |  2.0
Summonings     | 1 2 |  2.0
Necromancy     | 1 2 |  2.0
Translocations | 1 2 |  2.0
Transmutations | 1 2 |  2.0
Fire Magic     | 1 2 |  2.0
Ice Magic      | 1 2 |  2.0
Air Magic      | 1 2 |  2.0
Earth Magic    | 1 2 |  2.0
Poison Magic   | 1 2 |  2.0
Fighting       | 5 |  5.2
Dodging        | 5 |  5.2
Unarmed Combat | 5 |  5.2
Shapeshifting  | |  6.9

Action                     |  1- 3 |  4- 6 |  7- 9 || total
---------------------------+-------+-------+-------++-------
  Melee: Unarmed           |    83 |    83 |    37 ||   203
         Punch             |     2 |       |     2 ||     4
         Bite              |     3 |    10 |     2 ||    15
  Evoke: Wand              |       |     9 |       ||     9
    Use: Potion            |     1 |     1 |     2 ||     4
         Scroll            |       |     5 |       ||     5
   Stab: Sleeping          |     3 |     6 |       ||     9
         Distracted        |       |     1 |     1 ||     2
 Armour: Animal skin       |     7 |     1 |       ||     8
         Troll leather arm |       |    24 |     7 ||    31
         Skin              |       |     2 |     6 ||     8
  Dodge: Dodged            |    51 |    37 |    22 ||   110

Table legend: (Time is in decaauts)
 A = Elapsed time spent in this place.
 B = Non-inter-level travel time spent in this place.
 C = Inter-level travel time spent in this place.
 D = Time resting spent in this place.
 E = Time spent auto-exploring this place.
 F = Levels seen in this place.
 G = Mean time per level.
                   A        B        C        D        E       F      G
               +--------+--------+--------+--------+--------+-----+--------+
         Total |   3981 |   3825 |    156 |    170 |   3086 |   5 |  796.2 |
       Dungeon |   3981 |   3825 |    156 |    170 |   3086 |   5 |  796.2 |
               +--------+--------+--------+--------+--------+-----+--------+

Top non-repeatable levels by time:
     D:2: 1119 daAuts
     D:1: 839 daAuts
     D:3: 713 daAuts
     D:4: 690 daAuts
     D:5: 618 daAuts
